[Event "Late-Titled-Tuesday-Blitz-October-24-2023"]
[Site "Chess.com"]
[Date "2023.10.24"]
[Round "11"]
[White "financieru"]
[Black "Nekoo04"]
[Result "0-1"]
[WhiteElo "2373"]
[BlackElo "2271"]
[TimeControl "180+1"]
[EndTime "16:07:37 PDT"]
[Termination "Nekoo04 won by resignation"]

1. d4 d5 2. c4 e6 3. Nf3 Nf6 4.
Nc3 c6 5. cxd5 exd5 6. Bg5 Be7 7. Qc2 g6 8. e3 Bf5 9. Bd3 Bxd3 10. Qxd3 Nbd7 11. O-O O-O 12. Rab1 Ne4 13. Bh6 Re8 14.
Nxe4 Bf8 15. Bxf8 dxe4 16. Qd1 exf3 17. Bh6 g5 18. Qxf3 Re6 19. d5 Rxh6 20. dxc6 Qc7 21.
g3 Qxc6 22. Qf5 Rg6 23. Rfd1 Nc5 24. Rbc1 b6 25. b4 Qe6 26. Qf3 Ne4 27. b5 Rf6 28.
Qh5 Rxf2 29. Rd4 Rxa2 30. Rcd1 Qg6 31. Qf3 Re8 32. Rd8 Rxd8 33. Rxd8+ Kg7 34. Rd4 Nf6 35. Rd6 Ra1+ 36. Kg2 Qc2+ 37. Kh3 g4+ 38. Qxg4+ Nxg4 39. Kxg4 Qe2+ 40. Kf4 Rf1+ 41. Ke5 Qxb5+ 42. Rd5 Rf5+ 43. Kd6 Qxd5+ 0-1

[Event "Late-Titled-Tuesday-Blitz-October-24-2023"]
[Site "Chess.com"]
[Date "2023.10.24"]
[Round "11"]
[White "whitemirrorninja"]
[Black "djano"]
[Result "1-0"]
[WhiteElo "2592"]
[BlackElo "2664"]
[TimeControl "180+1"]
[EndTime "16:07:38 PDT"]
[Termination "whitemirrorninja won by resignation"]

1. e4 g6 2. d4 Bg7 3. c3 d6 4.
Bd3 Nf6 5. Ne2 Nc6 6. O-O O-O 7. f3 e5 8. Be3 d5 9. Nd2 dxe4 10. Nxe4 exd4 11.
Nxd4 Nd5 12. Nxc6 bxc6 13. Bf2 Re8 14. Qd2 Bf5 15. Rad1 a5 16. Nc5 Qc8 17. Rfe1 Bxd3 18.
Qxd3 Rb8 19. Na4 h5 20. Qc4 Re6 21. Rxe6 Qxe6 22. Re1 Qd7 23. Nc5 Qf5 24. Nb3 Nf4 25.
Qxc6 Nd3 26. Re8+ Rxe8 27. Qxe8+ Kh7 28. Qe2 Nf4 29. Qd1 Be5 30. Nd4 Qg5 31. g3 h4 32.
Kf1 Nh3 33. f4 Bxf4 34. gxf4 Qxf4 35. Qf3 Qc1+ 36. Be1 Ng5 37. Qg4 h3 38. Nf3 Ne6 39.
Qxh3+ Kg8 40. Qg2 Qe3 41. Qf2 Qd3+ 42. Qe2 Qf5 43. Kg1 Nf4 44. Qe8+ Kh7 45. Bd2 Qg4+ 46. Kf2 Qg2+ 47. Ke1 Qe2+ 48. Qxe2 1-0

[Event "Late-Titled-Tuesday-Blitz-October-24-2023"]
[Site "Chess.com"]
[Date "2023.10.24"]
[Round "11"]
[White "expii"]
[Black "becemix"]
[Result "1-0"]
[WhiteElo "2226"]
[BlackElo "2339"]
[TimeControl "180+1"]
[EndTime "16:07:38 PDT"]
[Termination "expii won by resignation"]

1. e4 e6 2. d4 d5 3. e5 c5 4. c3 Nc6 5. Nf3 Bd7 6. Be2 f6 7. exf6 Nxf6 8. O-O Be7 9. Be3 cxd4 10. cxd4 O-O 11. Nc3 Ne4 12. Nxe4 dxe4 13. Ne5 Nxe5 14. dxe5 Bc6 15. Qc2 Rc8 16. Qd2 Rf5 17. Qxd8+ Rxd8 18. Bc4 Rxe5 19. Bf4 Rc5 20. Bxe6+ Kh8 21. Rad1 Rc2 22. Rxd8+ Bxd8 23. Rd1 Bb6 24. Be3 g6 25. h3 Bxe3 26.
fxe3 Re2 27. Bd5 Rxe3 28. Bxc6 bxc6 29. Kf2 Rd3 30. Rxd3 exd3 31. Ke3 Kg7 32. Kxd3 Kf6 33. b4 Ke5 34. g3 Kd5 35. a4 a6 36. Kc3 g5 37. g4 c5 38. b5 axb5 39. axb5 h6 40.
Kd3 c4+ 41. Kc3 Kc5 42. b6 Kxb6 43. Kxc4 Kc6 44. Kd4 Kd6 45. Ke4 Ke6 46. Kd4 Kd6 47.
Ke4 Ke6 48. Kd4 Kf6 49. Ke4 Kg6 50. Ke5 h5 51. Ke6 h4 52. Ke7 Kg7 53. Ke6 Kg6 54.
Ke5 Kg7 55. Kf5 Kh6 56. Kf6 Kh7 57. Kxg5 Kg7 58. Kxh4 Kh6 59. Kg3 Kg5 60. h4+ Kg6 61. Kf4 Kg7 62. g5 Kg6 63. Kg4 Kg7 64. h5 Kh7 65. g6+ Kh6 66. Kh4 Kg7 67. Kg5 Kg8 68.
h6 Kh8 69. g7+ Kg8 70. Kf6 Kh7 71. Kf7 Kxh6 72. g8=Q 1-0

[Event "Late-Titled-Tuesday-Blitz-October-24-2023"]
[Site "Chess.com"]
[Date "2023.10.24"]
[Round "11"]
[White "Payyappat"]
[Black "Kirill_Klukin"]
[Result "0-1"]
[WhiteElo "2535"]
[BlackElo "2639"]
[TimeControl "180+1"]
[EndTime "16:07:40 PDT"]
[Termination "Kirill_Klukin won by checkmate"]

1. e4 c5 2. Nf3 g6 3. d4 cxd4 4. Nxd4 Bg7 5. Nc3 Nc6 6. Be3 Nf6 7. f4 d6 8. Be2 O-O 9. Qd3 Ng4 10. Bxg4 Bxg4 11. O-O Bd7 12. h3 Rc8 13. g4 Nxd4 14. Bxd4 e5 15. Bxa7 exf4 16. Qxd6 Be6 17. Qxd8 Rfxd8 18. Rad1 Be5 19. Kg2 f6 20. Rxd8+ Rxd8 21. Rd1 Rxd1 22.
Nxd1 Bxa2 23. b3 Bb1 24. Nf2 Bxc2 25. b4 Kf7 26. Kf3 Ke6 27. Ke2 f5 28. exf5+ gxf5 29.
Kf3 Kd5 30. Bc5 Be4+ 31. Ke2 fxg4 32. Nxg4 Bg7 33. h4 h5 34. Nf2 Bf6 35. Nh3 Ke5 36.
Bf2 Kf5 37. Be1 Bc6 38. Bd2 f3+ 39. Ke3 Bxh4 40. Bc3 Bg3 41. Ng1 Kg4 42. Nxf3 Bxf3 43. b5 h4 44. b6 h3 45. Be1 Bxe1 46. Kd4 h2 47. Kc5 h1=Q 48. Kd6 Bc6 49. Kc7 Bg3+ 50. Kc8 Qh8# 0-1

[Event "Late-Titled-Tuesday-Blitz-October-24-2023"]
[Site "Chess.com"]
[Date "2023.10.24"]
[Round "11"]
[White "tylityli"]
[Black "kinghunter183"]
[Result "0-1"]
[WhiteElo "2283"]
[BlackElo "2134"]
[TimeControl "180+1"]
[EndTime "16:07:41 PDT"]
[Termination "kinghunter183 won by checkmate"]

1. d4 d5 2. c4 dxc4 3. Nf3 Nf6 4. e3 e6 5. Bxc4 c5 6. O-O a6 7. Qe2 b5 8. Bb3 c4 9. Bc2 Bb7 10. e4 Be7 11. Nc3 O-O 12. Bf4 Qb6 13. Rfd1 a5 14. h3 Na6 15. a3 Rac8 16. d5 exd5 17. e5 Ne4 18. Nxe4 dxe4 19. Bxe4 Bxe4 20. Qxe4 Nc5 21.
Qe3 Qg6 22. Rd5 Rfd8 23. Rad1 Rxd5 24. Rxd5 Qc2 25. Qd2 Qxd2 26. Bxd2 Kf8 27. Bxa5 Ke8 28. Kf1 Rb8 29. Ke2 Nd3 30. Bc3 Nf4+ 31. Kd2 Nxd5 32. Bd4 b4 33. a4 Ra8 34. e6 fxe6 35. Bxg7 Rxa4 36. Nd4 Ra2 37. Kc2 c3 38. Nxe6 Rxb2+ 39. Kd3 c2 40. Bh6 Rb1 41. Kxc2 Rf1 42. Ng7+ Kf7 43. Nh5 Kg6 44. Nf4+ Nxf4 45. Bxf4 Rxf2+ 46. Kd3 Rxf4 47. Ke3 b3 48. Kxf4 b2 49. g4 b1=Q 50. h4 Qf1+ 51. Kg3 Bxh4+ 52. Kxh4 Qh1+ 53. Kg3 Kg5 54.
Kf2 Kxg4 55. Ke3 Qf3+ 56. Kd2 Kf4 57. Kc2 Qe3 58. Kd1 Qf2 59. Kc1 Ke3 60. Kb1 Kd3 61. Ka1 Kc3 62. Kb1 Qb2# 0-1

[Event "Late-Titled-Tuesday-Blitz-October-24-2023"]
[Site "Chess.com"]
[Date "2023.10.24"]
[Round "11"]
[White "CraiggoryC"]
[Black "Vamostodorecto"]
[Result "1-0"]
[WhiteElo "2225"]
[BlackElo "2447"]
[TimeControl "180+1"]
[EndTime "16:07:43 PDT"]
[Termination "CraiggoryC won on time"]

1. e4 g6 2. d4 Bg7 3. Nc3 d6 4. Be3 a6 5. Qd2 b5 6. Bd3 Bb7 7. Nf3 Nd7 8. h3 c5 9. O-O c4 10. Be2 b4 11. Nd5 e6 12. Nf4 Bxe4 13. Qxb4 Qc7 14. Qxc4 Qxc4 15. Bxc4 Bxf3 16. gxf3 d5 17. Be2 Ne7 18. Nd3 Nf5 19. c3 Ke7 20. Rfe1 Nb6 21. b3 Rhc8 22. Nc5 a5 23. Ba6 Rxc5 24. dxc5 Nd7 25. Bb7 Rb8 26. c6 Nd6 27. Ba7 Bxc3 28. Bxb8 Nxb8 29. c7 Nd7 30. Rac1 Bxe1 31. Rxe1 Nc5 32.
c8=Q Nxc8 33. Bxc8 Nd3 34. Rd1 Nf4 35. Ba6 Nxh3+ 36.
Kg2 Nf4+ 37. Kf1 Kd6 38. a3 Kc5 39. Rc1+ Kb6 40. Be2 h5 41. b4 h4 42. Bd1 h3 43.
Kg1 axb4 44. axb4 Nd3 45. Rb1 Kc6 46. Be2 Nf4 47. Bf1 d4 48. Kh2 d3 49. Bxh3 1-0

[Event "Late-Titled-Tuesday-Blitz-October-24-2023"]
[Site "Chess.com"]
[Date "2023.10.24"]
[Round "11"]
[White "Likvidator228"]
[Black "Darko-Dimitrijevic"]
[Result "1/2-1/2"]
[WhiteElo "2551"]
[BlackElo "2212"]
[TimeControl "180+1"]
[EndTime "16:07:43 PDT"]
[Termination "Game drawn by repetition"]

1. b3 Nf6 2. Bb2 g6 3. Nf3 Bg7 4. g3 b6 5. Bg2 Bb7 6. O-O O-O 7.
c4 c5 8. d4 cxd4 9. Nxd4 Bxg2 10.
Kxg2 Qc7 11. Nc3 a6 12. e4 d6 13. f3 e6 14. Rc1 Nbd7 15. Qd2 Rfd8 16. Rfd1 Rac8 17.
Nc2 Ne5 18. Ne2 Nc6 19. Ncd4 Ne7 20. Qe3 Qb7 21. Nc3 Nd7 22. Na4 b5 23. cxb5 axb5 24.
Nc3 b4 25. Na4 Nc5 26. Qd2 Nxa4 27. bxa4 d5 28. Rxc8 Rxc8 29. Nb5 Bxb2 30. Qxb2 Qa6 31. Qxb4 Nc6 32. Qb3 dxe4 33. fxe4 Na5 34. Qd3 Nc4 35. Qb3 Qb6 36. Rd7 Ne5 37. Rd2 Nc4 38. Re2 Qc5 39. Qc3 Qg5 40. Qf3 Ne5 41. Qf4 Qh5 42.
Rf2 Nd3 43. Qxf7+ Kh8 44. Qf6+ Kg8 45. Qxe6+ Kg7 46. Rf7+ Kh6 47. Qxc8 Qe2+ 48. Kh3 Qh5+ 49. Kg2 Qe2+ 50. Kg1 Qe3+ 51. Kf1 Qe1+ 52. Kg2 Qe2+ 1/2-1/2

[Event "Late-Titled-Tuesday-Blitz-October-24-2023"]
[Site "Chess.com"]
[Date "2023.10.24"]
[Round "11"]
[White "Alexei_Gubajdullin"]
[Black "Alphafischer2019"]
[Result "1-0"]
[WhiteElo "2730"]
[BlackElo "2615"]
[TimeControl "180+1"]
[EndTime "16:07:44 PDT"]
[Termination "Alexei_Gubajdullin won by checkmate"]

1. d4 Nf6 2. Nf3 b6 3. Bf4 Bb7 4. e3 g6 5. h3 Bg7 6. Be2 O-O 7.
O-O d6 8. a4 a6 9. a5 b5 10. c4 bxc4 11. Bxc4 Nbd7 12. Nc3 c5 13. d5 Ne8 14. e4 Rb8 15. Qd3 Nc7 16. Rfe1 Bc8 17.
Ra2 f6 18. h4 Ne5 19. Nxe5 fxe5 20. Bg5 h6 21. Be3 Qe8 22. Na4 Nb5 23. Nb6 Qf7 24.
f3 Qf6 25. Bxb5 axb5 26. Nxc8 Rfxc8 27. a6 b4 28. a7 Ra8 29. Qa6 Qxh4 30. Bf2 Qf4 31.
Qb7 Qf8 32. Qd7 g5 33. Ra6 Bf6 34. Rb6 Qe8 35. Qe6+ Qf7 36. Rb7 h5 37. b3 Kf8 38.
Ra1 Qxe6 39. dxe6 Ke8 40. Ra6 Kd8 41. Rd7+ Ke8 42. Rb6 g4 43. Rbb7 gxf3 44. gxf3 Bg5 45. Kh2 c4 46. bxc4 Rxc4 47. Rb8+ Rc8 48. Rxc8+ Rxc8 49. Rb7 Bf4+ 50. Kh3 Be3 51. Bxe3 b3 52. Rb8 b2 53. Rxc8# 1-0

[Event "Late-Titled-Tuesday-Blitz-October-24-2023"]
[Site "Chess.com"]
[Date "2023.10.24"]
[Round "11"]
[White "The_Sherman_Variation"]
[Black "GMKrikor"]
[Result "0-1"]
[WhiteElo "2586"]
[BlackElo "2806"]
[TimeControl "180+1"]
[EndTime "16:07:46 PDT"]
[Termination "GMKrikor won on time"]

1. e4 e6 2. d4 d5 3. e5 c5 4.
c3 Nc6 5. Nf3 Bd7 6. Be2 cxd4 7.
cxd4 Nge7 8. Na3 Nf5 9. Nc2 Be7 10. O-O O-O 11. Bd3 f6 12. Bxf5 exf5 13. Bf4 g5 14.
exf6 Bxf6 15. Be5 Be7 16. Qd3 f4 17. Rfe1 Bf5 18. Qb3 Na5 19. Qa4 Bd7 20. Bc7 Bxa4 21. Bxd8 Bxd8 22. Nb4 Bc6 23. b3 Bf6 24. Ne5 Rfe8 25. h4 gxh4 26. Nbd3 f3 27. gxf3 Re7 28. f4 Bb5 29. Nb4 Rd8 30. Kh2 Kf8 31. Rac1 Nc6 32.
Nc2 Bxe5 33. fxe5 Bd3 34. Red1 Bxc2 35. Rxc2 Rf7 36. Kh3 Rf4 37. Rd3 Ke7 38. b4 Nxb4 39. Rc7+ Rd7 40. Rdc3 Nc6 41. Rc8 Rxd4 42. Rh8 Ke6 43.
Rf3 Nxe5 44. Re8+ Re7 45. Rff8 Rxe8 46. Rxe8+ Kd6 47. Rd8+ Kc6 48. Rh8 Rf4 49. Rxh7 Rxf2 50. a4 Rf4 51. a5 Ra4 52. Rh6+ Kc5 53. Re6 Nc6 54. a6 Rxa6 55. Re3 Ra4 56. Re1 b5 57. Rc1+ Rc4 0-1

[Event "Late-Titled-Tuesday-Blitz-October-24-2023"]
[Site "Chess.com"]
[Date "2023.10.24"]
[Round "11"]
[White "aranibos"]
[Black "Schwindle"]
[Result "1/2-1/2"]
[WhiteElo "2280"]
[BlackElo "2408"]
[TimeControl "180+1"]
[EndTime "16:07:48 PDT"]
[Termination "Game drawn by repetition"]

1. e4 e6 2. d4 d5 3. Nc3 Nf6 4. Bg5 Be7 5. Bxf6 Bxf6 6. e5 Be7 7.
f4 O-O 8. Nf3 c5 9. Ne2 cxd4 10.
Nexd4 Nc6 11. c3 f6 12. exf6 Rxf6 13. g3 Qb6 14. Rb1 Bd7 15. Bd3 Raf8 16. O-O a5 17. Kg2 Bc5 18. Ng5 g6 19. Ndf3 h6 20. Nh3 Qc7 21.
Qe2 Qc8 22. Ne5 Nxe5 23. fxe5 Rxf1 24. Rxf1 Rxf1 25. Qxf1 d4 26. Nf4 Qc6+ 27. Kh3 dxc3 28. bxc3 Be8 29. Nxg6 Qd7 30. Qf3 Qg7 31. Qg4 Bxg6 32.
Bxg6 Qxe5 33. Be4+ Kf8 34. Qf3+ Ke7 35. Bxb7 Qf5+ 36.
Qxf5 exf5 37. Bc8 Kf6 38. Kg2 Ba3 39. Kf3 Bb2 40. c4 Bd4 41. h3 Bc5 42. g4 fxg4+ 43. hxg4 Ke5 44. Kg3 Kd4 45. Be6 Kc3 46. Kf4 Kd4 47.
Kf5 Be7 48. Kg6 Bg5 49. Kf5 Be3 50. a4 Bg5 51. Bf7 Kc5 52. Ke4 Bc1 53. Kd3 Bg5 54. Be6 Bf4 55. Bf7 Bg5 56. Be6 Bf4 57. Bf7 Bg5 1/2-1/2

[Event "Late-Titled-Tuesday-Blitz-October-24-2023"]
[Site "Chess.com"]
[Date "2023.10.24"]
[Round "11"]
[White "Cryptochess"]
[Black "Zhigalko_Sergei"]
[Result "0-1"]
[WhiteElo "2667"]
[BlackElo "2967"]
[TimeControl "180+1"]
[EndTime "16:07:52 PDT"]
[Termination "Zhigalko_Sergei won by resignation"]

1. e4 c5 2. Nf3 Nc6 3. d4 cxd4 4. Nxd4 Nf6 5. Nc3 e5 6. Ndb5 d6 7. Bg5 a6 8. Na3 b5 9. Nd5 Be7 10. Bxf6 Bxf6 11. c3 Bg5 12. Nc2 Ne7 13. Ncb4 O-O 14. Be2 a5 15. Nxe7+ Qxe7 16. Nd5 Qb7 17.
Bg4 Be6 18. h4 Bd8 19. Bf3 Bxd5 20. Qxd5 Qxd5 21. exd5 f5 22. Be2 Rb8 23. h5 e4 24. O-O Bf6 25. Rac1 Rfe8 26. b4 a4 27. a3 Rec8 28. c4 Bb2 29. Rb1 Bxa3 30. cxb5 Rc3 31.
Rfd1 Kf7 32. Rd4 Rb3 33. Rbd1 Bb2 34. Rc4 a3 35. g4 a2 36. Rc7+ Kf6 37. g5+ Kxg5 38.
Ra7 a1=Q 39. Raxa1 Bxa1 40. Rxa1 Rxb4 41. Ra7 Kf6 42.
Rd7 Rb6 43. h6 gxh6 44. Rxh7 Kg6 45. Rd7 Rd4 46. Re7 Rxd5 47. Re6+ Kg5 48. Bc4 Rc5 49. Be2 h5 50. Kg2 h4 51. Re8 Rc2 52. Rg8+ Kf4 53.
Bh5 e3 0-1

[Event "Late-Titled-Tuesday-Blitz-October-24-2023"]
[Site "Chess.com"]
[Date "2023.10.24"]
[Round "11"]
[White "Mariia89"]
[Black "AndresDelgado77"]
[Result "0-1"]
[WhiteElo "2194"]
[BlackElo "2346"]
[TimeControl "180+1"]
[EndTime "16:07:52 PDT"]
[Termination "AndresDelgado77 won on time"]

1. d4 Nf6 2. Nf3 c5 3. d5 b5 4. c4 Bb7 5. Nc3 b4 6. Nb1 e6 7. Bg5 h6 8. Bh4 exd5 9. cxd5 g5 10. Bg3 Bxd5 11. Nbd2 d6 12. e3 Bg7 13. Bb5+ Bc6 14.
Qa4 Qd7 15. Bxc6 Nxc6 16. Nc4 Ne4 17. Nfd2 Nxg3 18. hxg3 O-O 19. Qc2 d5 20. O-O-O dxc4 21. Nxc4 Qe6 22. Rd6 Qe8 23. Qf5 Ne7 24. Qxc5 Rc8 25.
Qxb4 Nf5 26. Rd2 Qe4 27. Rc2 Qxg2 28. Rd1 Rb8 29. Qa5 Qf3 30. Ne5 Qe4 31. Nd7 Rfc8 32. Nc5 Qe5 33. Qa3 Bf8 34. Nd7 Bxa3 35. Nxe5 Bxb2+ 36.
Kd2 Bxe5 37. Rdc1 Rd8+ 38. Ke2 Nd6 39. f4 Bf6 40. Kf3 Be7 41. e4 f6 42. e5 Nb5 0-1

[Event "Late-Titled-Tuesday-Blitz-October-24-2023"]
[Site "Chess.com"]
[Date "2023.10.24"]
[Round "11"]
[White "Chessbard1972"]
[Black "MaxLeto"]
[Result "0-1"]
[WhiteElo "2341"]
[BlackElo "2545"]
[TimeControl "180+1"]
[EndTime "16:07:56 PDT"]
[Termination "MaxLeto won on time"]

1. d4 h5 2. c4 h4 3. h3 c6 4. Nf3 d5 5. Qc2 g6 6. Bg5 Nh6 7. Bxh4 Nf5 8. Bg5 dxc4 9. Qxc4 Be6 10. Qd3 Qb6 11. Bc1 Bg7 12. e3 Na6 13.
a3 O-O-O 14. Nc3 c5 15. d5 Bxc3+ 16. Qxc3 Bxd5 17. Be2 Kb8 18. O-O f6 19. Bd2 Nd6 20. Qc1 Ne4 21. Bc3 g5 22. Nd2 Nxd2 23. Bxd2 Qc6 24. f3 Nc7 25. e4 Be6 26. b4 c4 27.
a4 Qd6 28. Bc3 Bxh3 29. f4 gxf4 30. Qxf4 Qxf4 31. Rxf4 Rdg8 32. Bf1 Be6 33. b5 Rh5 34.
Rb1 Rhg5 35. Bd4 b6 36. Rc1 Ne8 37. Rf2 Nd6 38. Re2 Rg4 39. Bf2 Nxe4 40. Be3 Bd5 41. Rec2 e6 42. a5 f5 43. axb6 axb6 44. Bxb6 Kb7 45.
Ba5 Ng3 46. Rf2 Nxf1 47. Kxf1 Rxg2 48. Rxg2 Rxg2 49. Rxc4 Ra2 50. Rc7+ Kb8 51. Bb6 Rb2 52. Rc5 Kb7 53. Bd8 f4 0-1

[Event "Late-Titled-Tuesday-Blitz-October-24-2023"]
[Site "Chess.com"]
[Date "2023.10.24"]
[Round "11"]
[White "TanitoluwaAps116"]
[Black "nochewycandy"]
[Result "0-1"]
[WhiteElo "2667"]
[BlackElo "2791"]
[TimeControl "180+1"]
[EndTime "16:07:59 PDT"]
[Termination "nochewycandy won by resignation"]

1. e4 g6 2. d4 Bg7 3. Nc3 d6 4. Be3 a6 5. Bd3 b5 6. Nf3 Bb7 7. h4 h6 8. Qd2 Nd7 9. Ne2 c5 10. c3 Ngf6 11. Ng3 Ng4 12. h5 Nxe3 13. Qxe3 e5 14. hxg6 fxg6 15. O-O-O Qf6 16. dxe5 dxe5 17. Bc2 Qe7 18. Nh4 Qf7 19. Rd6 Bf6 20. Qf3 Qe7 21. Ngf5 gxf5 22. Nxf5 Qf7 23. Rhd1 O-O-O 24. R6d2 Kb8 25.
Kb1 Rhf8 26. Nd6 Qe7 27. Nf5 Qh7 28. Rd6 Ka7 29. Qe3 Nb6 30. Qxc5 Rxd6 31. Rxd6 Bd8 32. a4 bxa4 33. Bxa4 Qc7 34. Qb4 Nxa4 35. Rd2 Rf6 36. Qxa4 Rb6 37. Qa3 Bg5 38. Ne3 Bxe4+ 39. Ka1 Bxe3 40.
fxe3 Bc6 41. Qc5 Qb7 42. Rd6 a5 43. b4 axb4 44. cxb4 Qa6+ 45. Kb2 Qb5 46. Qc3 Qxb4+ 47. Qxb4 Rxb4+ 48. Kc3 Rb6 49. Kc4 Bb5+ 50. Kc5 Rxd6 51. Kxd6 e4 52. Ke5 Bd3 53. Kf5 Kb7 54. Kg6 Kc6 55.
Kxh6 Kc5 56. g4 Bc4 57. g5 Kb4 58. g6 Kc3 59. Kg5 Kd3 60. Kf4 Bg8 61. g7 Bd5 62. Ke5 Bg8 63. Kf4 Bh7 64. Kg5 Kxe3 65. Kh6 Bg8 66.
Kg6 Bb3 67. Kf6 Kd3 68. Ke7 e3 69. Kf8 e2 70. g8=Q Bxg8 0-1

[Event "Late-Titled-Tuesday-Blitz-October-24-2023"]
[Site "Chess.com"]
[Date "2023.10.24"]
[Round "11"]
[White "IMSlavin"]
[Black "KorolDimitriy75"]
[Result "0-1"]
[WhiteElo "2237"]
[BlackElo "2356"]
[TimeControl "180+1"]
[EndTime "16:08:02 PDT"]
[Termination "KorolDimitriy75 won by resignation"]

1. e4 c5 2. g3 g6 3. Bg2 Bg7 4. Ne2 Nc6 5. Nbc3 d6 6. O-O e5 7. h3 Nge7 8. d3 O-O 9. a3 Be6 10. Rb1 Qd7 11. Kh2 f5 12. f4 Rae8 13. b4 b6 14. b5 Nd4 15. Nxd4 exd4 16. Ne2 fxe4 17.
dxe4 Bc4 18. Re1 Bxb5 19. Ng1 Bc6 20. Nf3 Kh8 21. Bb2 Ng8 22. Nd2 Nf6 23. Qf3 d5 24. e5 Ne4 25. Nb3 Bxe5 26. Rbd1 Bg7 27. Qf1 a5 28.
Nd2 Qb7 29. Qh1 Re7 30. Qg1 Rfe8 31. Nf3 Qc7 32. h4 b5 33. Bh3 b4 34. axb4 axb4 35.
Bc1 Bd7 36. Bg2 Bg4 37. Rf1 Nc3 38. Rd2 Re2 39. Rxe2 Rxe2 40. Ng5 Qe7 41. Kh1 h6 42. Bf3 hxg5 43. Bxg4 Rxc2 44. hxg5 b3 45. Rf2 d3 46.
Rh2+ Kg8 47. Rxc2 bxc2 48. Bd2 Ne4 49. Be3 d2 50. Bxd2 Nxd2 51. Qc1 Qe4+ 52. Kh2 Nb3 53. Qa3 c1=Q 54. Qa8+ Bf8 55. Be6+ Qxe6 0-1

[Event "Late-Titled-Tuesday-Blitz-October-24-2023"]
[Site "Chess.com"]
[Date "2023.10.24"]
[Round "11"]
[White "alexrustemov"]
[Black "Andrei_Skvortsov"]
[Result "0-1"]
[WhiteElo "2786"]
[BlackElo "2699"]
[TimeControl "180+1"]
[EndTime "16:08:03 PDT"]
[Termination "Andrei_Skvortsov won on time"]

1. d4 g6 2. c4 Bg7 3. Nf3 e6 4. Nc3 Ne7 5. Bf4 a6 6. e3 d6 7. Be2 Nd7 8. O-O b6 9. Qc2 h6 10. h3 Bb7 11. Rfd1 f5 12. Bh2 Nf6 13. c5 b5 14. b4 O-O 15. a4 bxa4 16. Rxa4 Ned5 17.
Nxd5 Nxd5 18. c6 Bc8 19. b5 Nb6 20. Ra5 axb5 21. Rxa8 Nxa8 22. Bxb5 Qe7 23. Qa4 Nb6 24. Qa7 e5 25. dxe5 dxe5 26. Bf1 f4 27. exf4 exf4 28. Re1 Qd6 29. Qa2+ Kh7 30. Qc2 Bf5 31. Qc1 g5 32. Rd1 Qg6 33. Nd4 Bxd4 34. Rxd4 Rf6 35. g3 Rxc6 36. Qd1 Rf6 37. gxf4 gxf4+ 38. Kh1 Be4+ 39. f3 Bf5 40. Bxf4 c5 41. Rd6 Rxd6 42. Qxd6 Qxd6 43.
Bxd6 c4 44. Be5 Bd3 45. Kg1 Kg6 46. Bg2 Kf5 47. Bg7 h5 48. Kf2 Nd5 49. h4 Nf4 50. Bf1 Bxf1 51. Kxf1 Ng6 52. Ke2 Nxh4 53. Kd2 Nxf3+ 54. Kc3 Ne5 55. Kd4 h4 56. Bxe5 c3 0-1

[Event "Late-Titled-Tuesday-Blitz-October-24-2023"]
[Site "Chess.com"]
[Date "2023.10.24"]
[Round "11"]
[White "chesspreceptor"]
[Black "Semetey"]
[Result "1-0"]
[WhiteElo "2639"]
[BlackElo "2526"]
[TimeControl "180+1"]
[EndTime "16:08:03 PDT"]
[Termination "chesspreceptor won on time"]

1. d4 a6 2. e4 g6 3. h4 h5 4. Nf3 Bg7 5. e5 d6 6. exd6 cxd6 7. Be2 Nh6 8. Bg5 Nf5 9. c3 Nc6 10. Na3 b5 11. O-O O-O 12. Rc1 Bd7 13. Re1 Re8 14.
Bd3 Rb8 15. Nc2 a5 16. Qd2 Qb6 17. Ne3 Nxe3 18. Rxe3 b4 19. Rce1 bxc3 20. bxc3 Bg4 21. Nh2 Bd7 22. Bxe7 Nxe7 23. Rxe7 Rxe7 24. Rxe7 Qd8 25.
Qg5 Bf8 26. Re2 Qxg5 27. hxg5 a4 28. Bc4 Rb1+ 29. Nf1 a3 30. f3 Rb2 31. Kf2 Be6 32. Bxe6 fxe6 33. Rxb2 axb2 34. Nd2 e5 35. a4 Be7 36. a5 Bxg5 37. Nb1 Bd8 38. a6 Bb6 39. Ke3 Kf7 40. Kd3 exd4 41. cxd4 Ke6 42. Nc3 d5 43.
Nb1 h4 44. Kc3 Kd6 45. Kxb2 Bxd4+ 46. Kb3 Kc6 47. Na3 Kb6 48. Nc2 Bc5 49. Nb4 d4 50.
Kc4 g5 51. Nd5+ Kc6 52. Ne7+ Kb6 53. Nf5 d3 54. Kxd3 Kxa6 55. Ke4 Kb5 56. Nh6 Kc4 57.
Nf7 Be7 58. Kf5 Kd3 59. Nxg5 Ke2 60. Kg4 Kf2 61. g3 Kg2 62. gxh4 1-0

[Event "Late-Titled-Tuesday-Blitz-October-24-2023"]
[Site "Chess.com"]
[Date "2023.10.24"]
[Round "11"]
[White "wild3000"]
[Black "zajka-molotok"]
[Result "0-1"]
[WhiteElo "2398"]
[BlackElo "2536"]
[TimeControl "180+1"]
[EndTime "16:08:09 PDT"]
[Termination "zajka-molotok won by checkmate"]

1. e4 c5 2. Nf3 Nc6 3. Bb5 e6 4. O-O Nge7 5. c3 a6 6. Ba4 b5 7. Bc2 d5 8. a4 Bb7 9. Qe2 b4 10.
d4 bxc3 11. bxc3 cxd4 12. cxd4 Nb4 13. e5 a5 14. Nc3 Rc8 15. Bb2 Ba6 16. Qd2 Bxf1 17.
Rxf1 Nxc2 18. Qxc2 Nc6 19. Qe2 Be7 20. Nb5 O-O 21. Nd2 Nb4 22. Ba3 Rc2 23. Qd1 Qc8 24.
Nb3 Qc4 25. Nxa5 Qa2 26. Qa1 Rxf2 27. Qxa2 Rxa2 28. Rb1 Nc6 29. Bxe7 Nxe7 30. Nc3 Ra3 31. Rb3 Rxb3 32. Nxb3 Rb8 33. Nb5 Nc6 34. Nc5 Ra8 35. Kf2 f6 36. exf6 gxf6 37. Ke3 Kf7 38. Kd3 e5 39.
dxe5 fxe5 40. Kc3 d4+ 41. Kc4 Kf6 42. Nc7 Rc8 43. Nd5+ Kf5 44. h3 e4 45. g4+ Ke5 46. Nb6 Na5+ 47. Kb5 Rxc5+ 48. Kxc5 e3 49. Nd7+ Kf4 50.
Nf6 e2 51. Kxd4 e1=Q 52. Nd5+ Kf3 53. Kc5 Qc1+ 54. Kd6 Nc4+ 55. Ke6 Ne3 56. g5 Nxd5 57. Kxd5 Qxg5+ 58. Kc4 Qa5 59. Kb3 h5 60. h4 Ke3 61.
Ka3 Kd3 62. Kb3 Qb6+ 63. Ka3 Kc3 64. Ka2 Qb2# 0-1

[Event "Late-Titled-Tuesday-Blitz-October-24-2023"]
[Site "Chess.com"]
[Date "2023.10.24"]
[Round "11"]
[White "MikaelyanArman"]
[Black "BardArtem"]
[Result "1-0"]
[WhiteElo "2921"]
[BlackElo "2713"]
[TimeControl "180+1"]
[EndTime "16:08:17 PDT"]
[Termination "MikaelyanArman won on time"]

1. d4 d5 2. c4 c6 3. Nf3 Nf6 4. e3 Bf5 5. Nc3 e6 6. Nh4 Be4 7. f3 Bg6 8. Bd2 Be7 9. Qb3 Qc7 10. O-O-O a6 11. Nxg6 hxg6 12. Kb1 O-O 13. h4 dxc4 14. Bxc4 b5 15. Be2 c5 16. dxc5 Nbd7 17. Qc2 Nxc5 18. Rc1 Qb7 19. h5 Nxh5 20. Rh3 b4 21. g4 Bf6 22.
Ne4 Nxe4 23. Qxe4 Qxe4+ 24. fxe4 Rfd8 25. Be1 Bg5 26. gxh5 gxh5 27. Bxb4 g6 28. Rg1 Bf6 29. e5 Bxe5 30. Rxh5 Bf6 31. Rc5 Rab8 32. a3 Be7 33. Rc4 Bxb4 34. Rxb4 Rxb4 35. axb4 Rb8 36. Rg4 Rb6 37. Kc2 Kg7 38. Kc3 f5 39. Rd4 e5 40.
Rd7+ Kf6 41. Ra7 Kg5 42. Rxa6 Rb8 43. Re6 e4 44. b5 Rc8+ 45. Kd4 Rc2 46. Bc4 Rxb2 47.
b6 Kg4 48. Kc3 Rb1 49. Bb3 Rc1+ 50. Bc2 Rh1 51. Rxg6+ Kf3 52. Rg8 Rh7 53. Ba4 Rb7 54.
Rg6 Kxe3 55. Kb4 f4 56. Kc5 f3 57. Bc6 Rb8 58. b7 f2 59. Rf6 Ke2 60. Bb5+ Ke1 61. Kb6 e3 62. Re6 Kd2 63. Kc7 Rxb7+ 64. Kxb7 1-0

[Event "Late-Titled-Tuesday-Blitz-October-24-2023"]
[Site "Chess.com"]
[Date "2023.10.24"]
[Round "11"]
[White "Elbebiber"]
[Black "cthake"]
[Result "1/2-1/2"]
[WhiteElo "2135"]
[BlackElo "1928"]
[TimeControl "180+1"]
[EndTime "16:08:17 PDT"]
[Termination "Game drawn - insufficient material"]

1. f4 d5 2. Nf3 b6 3. e3 Bb7 4. b3 Nf6 5. Bb2 g6 6. Be2 Bg7 7. O-O O-O 8. h3 c5 9. d3 e6 10. Ne5 Nc6 11. Nd2 Nxe5 12. Bxe5 Nd7 13. Bxg7 Kxg7 14. Nf3 f6 15. Qd2 h5 16. Rae1 Qc7 17.
Bd1 Rae8 18. c4 a6 19. e4 d4 20. g3 e5 21. Kh2 Bc8 22. Rf2 Qd6 23. Ref1 Qe6 24. Ng1 f5 25. exf5 Rxf5 26. fxe5 Rxf2+ 27. Qxf2 Nxe5 28. Be2 b5 29. Qf4 bxc4 30. bxc4 a5 31. Rf2 Bd7 32. Bf1 a4 33. a3 Bc6 34. Qg5 Re7 35. Re2 Qf6 36. Qxf6+ Kxf6 37. Rf2+ Kg7 38. Be2 Rf7 39. Rxf7+ Kxf7 40. g4 hxg4 41. hxg4 Kf6 42. Kg3 g5 43. Nh3 Kg6 44. Nf2 Kf6 45. Nd1 Ke6 46. Nb2 Kd6 47. Kf2 Bd7 48. Kg3 Bc6 49. Nd1 Bd7 50. Nf2 Bc6 51. Nh3 Nf7 52.
Bf3 Bxf3 53. Kxf3 Ne5+ 54. Ke4 Nxg4 55. Nxg5 Nf2+ 56. Kf3 Nxd3 57. Ne4+ Ke5 58. Nd2 Nb2 59. Ke2 Kf4 60. Nb1 d3+ 61. Kd2 Nxc4+ 62. Kxd3 Nxa3 63. Nxa3 c4+ 64. Kxc4 Ke3 65. Kc3 Ke2 66. Nc4 Kd1 67. Kb2 Ke2 68. Ka3 Kd3 69. Nd6 Kd4 70. Nb7 Kd5 71.
Nd8 Kd6 72. Nf7+ Ke7 73. Ng5 Kf6 74. Nf3 Kf5 75. Ne1 Kf4 76. Nc2 Kf3 77. Na1 Ke2 78.
Nc2 Kd1 79. Nb4 Kd2 80. Kxa4 1/2-1/2